Description

d

Build Order

Why is there no SALT encoding or Overwolf build?

    0:17  Pylon  1
    0:40  Gateway  1
    0:48  Assimilator  1
    1:25  Nexus  2
    1:35  Cybernetics Core  
    1:45  Assimilator  2
    1:54  Pylon  2
    2:11  Warp Gate  
    2:13  Stalker  
    2:25  Twilight Council  
    2:35  Adept  1
    2:45  Probe  3 probes from gas to minerals
    2:55  Robotics Facility  
    3:05  Gateway  2
    3:21  Resonating Glaives  
    3:25  Adept  2
    3:34  Gateway x2  3,4
    3:43  Warp Prism (Chrono Boost)  
    3:49  Pylon  3
    4:00  Gateway x2  5,6
    4:15  Pylon x2  4,5
    4:30  Pylon  6
Spawning Tool Build Advisor. Get it on Overwolf

Analysis

d

Go to:

Details

  • Created by: slava1231
  • Published on: Jul 22, 2020
  • Modified on: Jul 23, 2020
  • Patch: 4.11.0
  • Difficulty: Hard
Show

Export as new Build Order

Comments (0)

There are no comments. Be the first!

Create an account to comment!